 Dungeon Crawl Stone Soup version 0.31-a0-4-gefa6de2278 (webtiles) character file.

Game seed: 15225255747227474258

553 Lobster4 the Ducker (level 7, -6/51 HPs)
             Began as a Djinni Gladiator on May 3, 2023.
             Mangled by Pikel
             ... wielding a +2 whip of electrocution
              (20 damage)
             ... on level 4 of the Dungeon.
             The game lasted 00:17:02 (5429 turns).

Lobster4 the Ducker (Djinni Gladiator)              Turns: 5429, Time: 00:17:02

Health: -6/51      AC:  4    Str: 13      XL:     7   Next: 55%
Gold:   288        EV: 12    Int: 11      God:
                   SH:  0    Dex: 11 (15)

rFire   + + .        a - +1 rapier
rCold   . . .        (no shield)
rNeg    . . .        b - +0 leather armour
rPois   ∞            o - +0 helmet
rElec   .            (no cloak)
rCorr   .            (no gloves)
SInv    .            (boots unavailable)
Will    .....        (no amulet)
Stlth   +            u - ring of protection from cold
HPRegen 0.28/turn    (no ring)
MPRegen 0.00/turn

%: infuse magic (-7 HP)
@: on berserk cooldown, flying, slowed, very slow
A: sickness immunity, fire resistance 2, cold vulnerability 1, float, innate
caster, HP casting, extra vitality 1
a: no special abilities


You were on level 4 of the Dungeon.
You visited 1 branch of the dungeon, and saw 5 of its levels.
You also visited: Ossuary.

You collected 288 gold pieces.

Inventory:

Hand Weapons
 a - a +1 rapier (weapon)
 s - a +0 sling
 w - a +0 antimagic dagger
Missiles
 d - a throwing net
 e - a javelin
 k - 25 stones
 m - 5 silver javelins
 p - 16 poisoned darts (quivered)
Armour
 b - a +0 leather armour (worn)
 g - a +0 ring mail
 o - a +0 helmet (worn)
 r - a +0 cloak
Magical Staves
 h - a staff of earth
Jewellery
 c - a ring of protection from cold
 t - a ring of ice
 u - a ring of protection from cold (left hand)
 x - the amulet of Netoi {Spirit Fly rF+ Stlth+}
   (You found it on level 5 of the Dungeon)

   [amulet of guardian spirit]

   It causes incoming damage to be divided between your reserves of health and
   magic.
   rF:        It protects you from fire.
   Fly:       It grants you flight.
   Stlth:     It makes you more stealthy.
Wands
 q - a wand of polymorph (1)
 y - a wand of flame (11)
Scrolls
 f - a scroll of fog
 j - 3 scrolls of immolation
 n - a scroll of enchant weapon
Potions
 i - 3 potions of mutation
 v - a potion of lignification
 z - a potion of brilliance {unknown}
 B - a potion of flight


   Skills:
 + Level 3.7 Fighting
 + Level 3.8 Short Blades
 - Level 3.0 Throwing
 + Level 2.8 Armour
 + Level 4.5 Dodging
 * Level 2.0 Spellcasting
 + Level 0.0 Evocations


You knew the following spells:

 Your Spells              Type           Power      Damage    Failure   Level
a - Sting                 Tmut/Pois      20%        1d4       16%         1
b - Wereblood             Tmut           5%         N/A       24%         2
c - Poisonous Vapours     Pois/Air       10%        N/A       24%         2
Your spell library was empty.

Dungeon Overview and Level Annotations

Branches:
Dungeon (5/15)            Ossuary (visited)
 Temple: D:4-7

Altars:

Annotations:
D:4 Pikel


Innate Abilities, Weirdness & Mutations

You are immune to sickness and miasma.
You are immune to poison.
Your flesh is very heat resistant. (rF++)
You are vulnerable to cold. (rC-)
You float through the air rather than walking.
You learn spells naturally, not from books.
Your magical power is your life essence.
You have superior vitality. (+4 MHP)


Message History

The lemure hits you.
You puncture the lemure!
The lemure is almost dead.
You barely miss the lemure.
The lemure is almost dead.
The lemure barely misses you.
You puncture the lemure!
You kill the lemure!
That felt strangely unrewarding.
You hit the lemure.
The lemure is moderately wounded.
You miss the lemure.
The lemure is moderately wounded.
The lemure hits you but does no damage.
You hit the lemure.
The lemure is moderately wounded.
The lemure hits you!
You barely miss the lemure.
The lemure is moderately wounded.
You hit the lemure.
The lemure is severely wounded.
The lemure hits you.
You puncture the lemure!
The lemure is almost dead.
The lemure closely misses you.
You puncture the lemure!
You kill the lemure!
That felt strangely unrewarding.
Pikel hits you with a +2 whip of electrocution!
Things that are here:
a +0 whip; a +0 whip; a +0 dagger You hit Pikel.
Pikel is moderately wounded.
You are no longer berserk.
You are exhausted.
You feel yourself slow down.
Pikel hits you with a +2 whip of electrocution!
* * * LOW HITPOINT WARNING * * *
You are electrocuted!!
You die...

.......#....# #######
...>........#### #.....#
....)#......'..# ######.....#
.....#'#....##.# #..........#
...............# #..........#
....)........### #.........>#
.##......###.# #..........#
.........###.#########........###
#####(.........K@)...............
.....(..(...#...######...........
.#####...)..###..## #...........
.# #.).....####..## #########...
.###♣..(...........## #...
##♣..((####.....§P§.## ####.
.).....# #......[.P.### #....
♣...##.# #.....PP.....######....
.5♣♣##)# ######♣...##.##.....K..


You could see Pikel.

Vanquished Creatures
  A phantom (D:4)
  4 lemures
  A quasit (D:4)
  A gnoll bouda (D:4)
  2 human zombies (Ossuary)
  2 iguanas
  Natasha (thrice) (D:2)
  5 mummies (Ossuary)
  2 gnolls
  2 adders (D:3)
  A shadow imp (D:4)
  2 white imps (D:4)
  An ufetubus (D:4)
  2 dart slugs
  2 orcs
  7 ball pythons
  8 bats
  6 endoplasms
  2 giant cockroaches
  2 gnoll zombies (Ossuary)
  9 goblins
  9 hobgoblins
  3 jackals (D:1)
  3 quokkas
  2 frilled lizards (D:1)
  2 goblin zombies (Ossuary)
  A hobgoblin zombie (Ossuary)
  21 kobolds
  A kobold zombie (Ossuary)
  9 rats
116 creatures vanquished.

Vanquished Creatures (others)
  A kobold (D:4)
  11 demonic plants (D:4)
  70 plants
82 creatures vanquished.

Grand Total: 198 creatures vanquished

Notes
Turn   | Place    | Note
-------+----------+-------------------------------------------
     0 | D:1      | Lobster4 the Djinni Gladiator began the quest for the Orb.
     0 | D:1      | Reached XP level 1. HP: 18/18 MP: 0/0
   123 | D:1      | Reached XP level 2. HP: 23/23 MP: 0/0
   181 | D:1      | Found a faded altar of an unknown god.
   431 | D:1      | Reached XP level 3. HP: 24/28 MP: 0/0
   431 | D:1      | Learned a level 1 spell: Sting
   845 | D:2      | Reached skill level 1 in Armour
   848 | D:2      | Noticed Natasha
   948 | D:2      | Killed Natasha
   949 | D:2      | Reached XP level 4. HP: 34/34 MP: 0/0
  1012 | D:2      | Noticed Natasha
  1117 | D:2      | Killed Natasha
  1118 | D:2      | Reached skill level 1 in Spellcasting
  1118 | D:2      | Reached XP level 5. HP: 28/39 MP: 0/0
  1118 | D:2      | Learned a level 2 spell: Wereblood
  1214 | D:2      | Noticed Natasha
  1223 | D:2      | Killed Natasha
  2613 | D:3      | Reached XP level 6. HP: 43/46 MP: 0/0
  2792 | D:4      | Found a sand-covered staircase.
  2797 | Ossuary  | Entered an ossuary
  2844 | Ossuary  | Reached skill level 4 in Dodging
  3447 | D:4      | Reached XP level 7. HP: 11/50 MP: 0/0
  3447 | D:4      | Learned a level 2 spell: Poisonous Vapours
  4314 | D:4      | Noticed Pikel
  4395 | D:5      | Entered Level 5 of the Dungeon
  4721 | D:5      | Identified the amulet of Netoi {Spirit Fly rF+ Stlth+}
  5429 | D:4      | Mangled by Pikel

Illustrated notes

Levels and vault maps discovered:
D:1:      elethiomel_arrival_infinity_welcomes_careful_drivers,
          layout_loops_cross, ebering_ecumenical_altar_box, kennysheep_boxes
D:2:      layout_rooms, kennysheep_another_room, grunt_ministairs_3,
          uniq_natasha
D:3:      layout_basic, serial_curves, eino_curves_04, eino_curves_02,
          chequers_serial_rivers_small_3
D:4:      kennysheep_kobold_camp, layout_basic, nicolae_ossuary_entry_plus,
          serial_demonic, serial_demonic_d, serial_demonic_g, serial_demonic_g,
          serial_demonic_b, dreamdust_wishing_well, uniq_pikel
D:5:      layout_basic, kennysheep_generic_room_12

Skill      XL: |  1  2  3  4  5  6  7 |
---------------+----------------------+-----
Throwing       | 2 3 |  3.0
Armour         | 1 2 |  2.8
Short Blades   | 3 |  3.8
Spellcasting   | 1 2 |  2.0
Fighting       | 3 |  3.7
Dodging        | 4 |  4.5

Action                     |  1- 3 |  4- 6 |  7- 9 || total
---------------------------+-------+-------+-------++-------
  Melee: Rapier            |    79 |   275 |    94 ||   448
         Punch             |     1 |     1 |     1 ||     3
         Unarmed           |       |     6 |       ||     6
  Throw: Dart              |       |       |     9 ||     9
         Throwing net      |       |       |     2 ||     2
   Cast: Sting             |     8 |    17 |    55 ||    80
         Poisonous Vapours |       |       |     2 ||     2
  Evoke: Wand              |       |       |     4 ||     4
    Use: Scroll            |       |    17 |     2 ||    19
         Potion            |       |     4 |     2 ||     6
   Stab: Sleeping          |       |     1 |       ||     1
         Distracted        |       |     1 |       ||     1
 Armour: Leather armour    |    20 |    88 |    28 ||   136
         Skin              |     7 |     2 |    14 ||    23
  Dodge: Dodged            |    51 |   212 |    61 ||   324

Table legend: (Time is in decaauts)
 A = Elapsed time spent in this place.
 B = Non-inter-level travel time spent in this place.
 C = Inter-level travel time spent in this place.
 D = Time resting spent in this place.
 E = Time spent auto-exploring this place.
 F = Levels seen in this place.
 G = Mean time per level.
                   A        B        C        D        E       F      G
               +--------+--------+--------+--------+--------+-----+--------+
         Total |   5454 |   5189 |    265 |   1323 |   2291 |   6 |  909.0 |
       Dungeon |   4901 |   4636 |    265 |   1122 |   2280 |   5 |  980.2 |
       Ossuary |    553 |    553 |      0 |    200 |     11 |   1 |  553.0 |
               +--------+--------+--------+--------+--------+-----+--------+

Top non-repeatable levels by time:
     D:4: 1815 daAuts
     D:3: 1363 daAuts
     D:1: 892 daAuts
     D:2: 683 daAuts
 Ossuary: 553 daAuts
     D:5: 147 daAuts
